 Dungeon Crawl Stone Soup version 0.28-a0-1555-g9ae15a6949 (webtiles) character file.

Game seed: 17774819703985748909

49 lunkers the Sneak (level 3, -3/24 HPs)
             Began as a Vampire Enchanter on Jan 18, 2022.
             Slain by an adder (4 damage)
             ... on level 3 of the Dungeon.
             The game lasted 00:02:28 (1790 turns).

lunkers the Sneak (Vampire Enchanter)               Turns: 1790, Time: 00:02:29

Health: -3/24      AC:  2    Str:  7    XL:     3   Next: 53%
Magic:  1/6        EV: 12    Int: 19    God:
Gold:   72         SH:  0    Dex: 14    Spells: 4/6 levels left

rFire   . . .      SeeInvis +   a - +1 dagger
rCold   . . .      Faith    .   (no shield)
rNeg    . . .      Spirit   .   b - +0 robe
rPois   .          Reflect  .   (no helmet)
rElec   .          Harm     .   (no cloak)
rCorr   .          Rampage  .   (no gloves)
Will    .....                   (no boots)
Stlth   +++.......              (no amulet)
HPRegen 0.28/turn               (no ring)
MPRegen 0.10/turn               (no ring)

@: very slightly contaminated, healing quickly, invisible
A: alive, fangs 3, see invisible, vampiric 2
a: Exsanguinate


You were on level 3 of the Dungeon.
You visited 1 branch of the dungeon, and saw 3 of its levels.

You collected 72 gold pieces.

Inventory:

Hand Weapons
 a - a +1 dagger (weapon)
Missiles
 d - 2 throwing nets
Armour
 b - a +0 robe (worn)
Scrolls
 e - a scroll of identify {unknown}
 g - a scroll of acquirement {unknown}
 j - a scroll of enchant weapon {unknown}
Potions
 f - a potion of haste {unknown}
 h - a potion of brilliance {unknown}
 i - a potion of curing {unknown}


   Skills:
 + Level 2.3 Short Blades
 - Level 2.1 Dodging
 + Level 5.4 Stealth
 - Level 2.0 Spellcasting
 + Level 5.3 Hexes


You had 4 spell levels left.
You knew the following spells:

 Your Spells              Type           Power      Damage    Failure   Level
b - Ensorcelled Hibernat  Hex/Ice        24%        N/A       9%          2

Your spell library contained the following spells:

 Spells                   Type           Power      Damage    Failure   Level
 Slow                     Hex            88%        N/A       1%          1
 Confusing Touch          Hex            22%        N/A       5%          3
 Tukima's Dance           Hex            22%        N/A       5%          3
 Dazzling Flash           Conj/Hex       24%        N/A       17%         3
 Vampiric Draining        Necr           1%         2d6       45%         3
 Petrify                  Tmut/Erth      1%         N/A       86%         4
 Metabolic Englaciation   Hex/Ice        6%         N/A       83%         5
 Statue Form              Tmut/Erth      0%         N/A       100%        6


Dungeon Overview and Level Annotations

Branches:
Dungeon (3/15)

Altars:


Innate Abilities, Weirdness & Mutations

Your natural rate of healing is accelerated.
You have razor-sharp teeth.
You have supernaturally acute eyesight. (SInv)
You are afflicted with vampirism and can become a bat while bloodless.


Message History

Unknown command.
Casting: Ensorcelled Hibernation (safe; 9% risk of failure)
Confirm with . or Enter, or press ? or * to list all spells.
Aiming: Ensorcelled Hibernation (safe; 9% risk of failure)
Press: ? - help, Shift-Dir - straight line, f/p - adder
Aim: an adder (lightly wounded, chance to affect: 54%)
You miscast Ensorcelled Hibernation.
You are very lightly contaminated with residual magic.
Nothing appears to happen.
* * * LOW MAGIC WARNING * * *
The adder bites you but does no damage. The adder bites you.
* * * LOW HITPOINT WARNING * * *
You are poisoned.
The adder poisons you!
You fade into invisibility!
You feel sick. The adder closely misses you.
Unknown command.
You miss the adder. You punch the adder, but do no damage.
The adder hisses angrily.
Your bite misses the adder.
The adder is lightly wounded.
You feel sick. The adder bites you.
* * * LOW HITPOINT WARNING * * *
You closely miss the adder. You bite the adder, but do no damage.
The adder is lightly wounded.
You feel sick. The adder barely misses you.
Unknown command.
You miss the adder. You bite the adder.
The adder is moderately wounded.
You feel sick. The adder barely misses you.
You hit the adder.
The adder is heavily wounded.
You feel sick.
You are no longer poisoned.
The adder bites you.
* * * LOW HITPOINT WARNING * * *
You hit the adder. You bite the adder.
The adder is severely wounded.
The adder bites you.
You die...

.# ##.# .# #... .#
#..# ##.# #..#
#..# #..#
#########.## #..#
...##..........#
#..#
#......#####..##
#... ...##.#@#
###...# #.## #
#.#S# #.....## #.#
#
#.###.#....####.#
..........(..†..##
#.###.#....#......
#.# #.......<#####
..# ########## ###


You could see an adder.

Vanquished Creatures
  An adder (D:2)
  An endoplasm (D:1)
  3 giant cockroaches
  3 goblins
  2 hobgoblins
  6 jackals (D:2)
  4 kobolds
  3 quokkas (D:2)
  4 ball pythons
  2 bats (D:1)
  4 frilled lizards
  4 rats (D:2)
37 creatures vanquished.

Vanquished Creatures (others)
  A plant (D:1)
  4 withered plants (D:1)
5 creatures vanquished.

Grand Total: 42 creatures vanquished

Notes
Turn   | Place    | Note
-------+----------+-------------------------------------------
     0 | D:1      | lunkers the Vampire Enchanter began the quest for the Orb.
     0 | D:1      | Reached XP level 1. HP: 13/13 MP: 3/3
   237 | D:1      | Found a faded altar of an unknown god.
   337 | D:1      | Reached XP level 2. HP: 19/19 MP: 5/5
   677 | D:1      | Learned a level 2 spell: Ensorcelled Hibernation
   894 | D:2      | Reached skill level 5 in Stealth
   894 | D:2      | Reached skill level 5 in Hexes
  1021 | D:2      | Gained mutation: You are afflicted with vampirism and can
                  | become a bat while bloodless. [Vampire growth]
  1021 | D:2      | Reached XP level 3. HP: 20/24 MP: 6/6
  1789 | D:3      | HP: 1/24 [adder (2)]
  1790 | D:3      | Slain by an adder

Illustrated notes

Levels and vault maps discovered:
D:1:      sevenhm_arrival_forest_fort_small_6, layout_loops_ring,
          shapermc_ecumenical_altar_flowoftime
D:2:      layout_basic
D:3:      layout_loops_ring, mainiacjoe_overflow_alcove_4,
          overflow_temple_1_default

Skill      XL: |  1  2 |
---------------+-------+-----
Stealth        | 5 |  5.4
Hexes          | 5 |  5.3
Short Blades   | 2 |  2.3
Dodging        | |  2.1
Spellcasting   | |  2.0

Action                   || total
-------------------------++-------
Melee: Dagger            ||   154
       Bite              ||    17
       Punch             ||     3
 Cast: Ensorcelled Hiber ||    12
  Use: Potion            ||     1
 Stab: Sleeping          ||    17
Armor: Robe              ||    23
Dodge: Dodged            ||    66

Table legend: (Time is in decaauts)
 A = Elapsed time spent in this place.
 B = Non-inter-level travel time spent in this place.
 C = Inter-level travel time spent in this place.
 D = Time resting spent in this place.
 E = Time spent auto-exploring this place.
 F = Levels seen in this place.
 G = Mean time per level.
                   A        B        C        D        E       F      G
               +--------+--------+--------+--------+--------+-----+--------+
         Total |   1775 |   1710 |     65 |     54 |   1311 |   3 |  591.7 |
       Dungeon |   1775 |   1710 |     65 |     54 |   1311 |   3 |  591.7 |
               +--------+--------+--------+--------+--------+-----+--------+

Top non-repeatable levels by time:
     D:2: 868 daAuts
     D:1: 799 daAuts
     D:3: 107 daAuts
